 Dungeon Crawl Stone Soup version 0.17-a0-1900-g45e8110 (webtiles) character file.

972 ololoev the Cleaver (level 8, 5/70 HPs)
             Began as a Hill Orc Fighter on Sept 24, 2015.
             Was a Follower of Ru.
             Quit the game on level 9 of the Dungeon.
             The game lasted 00:14:15 (2043 turns).

ololoev the Cleaver (Hill Orc Fighter)              Turns: 2043, Time: 00:14:15

Health: 5/70       AC:  8    Str: 21    XL:     8   Next: 16%
Magic:  2/2        EV:  7    Int:  8    God:    Ru [*.....]
Gold:   113        SH:  0    Dex: 10    Spells: 0 memorised, 7 levels left

rFire  . . .     SeeInvis .     s - +8 Wrath of Trog {antimagic, *Rage}
rCold  . . .     Rnd*Rage +     t - -1 chain mail (curse)
rNeg   . . .     SustAt   .     (no shield)
rPois  .         Gourm    .     (no helmet)
rElec  .         Spirit   .     (no cloak)
rCorr  .         Warding  .     (no gloves)
rMut   .         Stasis   .     (no boots)
MR     .....                    (no amulet)
Stlth  ..........               (no ring)
                                (no ring)

@: cleaving, starving, not resistant to hostile enchantments, extremely
unstealthy
A: unskilled 1
a: Renounce Religion, Convert to Beogh


Innate Abilities, Weirdness & Mutations

You are somewhat unskilled (-1 Apt).

Inventory:

Hand weapons
 b - a +0 blowgun
 s - the +8 Wrath of Trog (weapon) {antimagic, *Rage}
   (You found it on level 4 of the Dungeon)

   It disrupts the flow of magical energy around spellcasters and certain
   magical creatures (including the wielder).
   It may make you go berserk in combat.
Missiles
 o - 5 curare-tipped needles
Armour
 t - a cursed -1 chain mail (worn)
Jewellery
 a - an uncursed ring of ice
Magical devices
 q - a wand of polymorph (3)
Scrolls
 d - a scroll of fear {unknown}
 f - 4 scrolls of identify {unknown}
 g - a scroll of enchant weapon {unknown}
 h - 2 scrolls of remove curse
 i - 2 scrolls of teleportation {unknown}
 n - a scroll of noise {unknown}
Potions
 e - 3 potions of curing {unknown}
 l - 3 potions of might
 p - a potion of degeneration {unknown}
Miscellaneous
 r - a plain deck of defence {drawn: 10}
Comestibles
 c - a bread ration
 j - a meat ration
 m - 5 fruits


   Skills:
 + Level 6.1 Fighting
 * Level 8.0 Axes
 + Level 5.4 Armour
   Level 3.0 Shields


You had 7 spell levels left.
You didn't know any spells.


You were on level 9 of the Dungeon.
You worshipped Ru.
Ru was aware of your devotion.
You were starving.

You visited 1 branch of the dungeon, and saw 9 of its levels.
You also visited: Ossuary.

You collected 133 gold pieces.

........#
........#### #. §§
#......>##.# #. #.§
#.......##.##.# #.>Z
#.......##%.#.##.Z..#
#.......##...#§#W.#.#
#..........#.#§ZZZ..#
#.......#..###oZZ#
#.......####@WWZ5#
#.......# ####ZZ##
#.......## ###
#........# #........#
#........# #........#
#........#
#........#####

Notes
Turn   | Place    | Note
--------------------------------------------------------------
     0 | D:1      | ololoev the Hill Orc Fighter began the quest for the Orb.
     0 | D:1      | Reached XP level 1. HP: 19/19 MP: 1/1
   115 | D:2      | Reached XP level 2. HP: 21/27 MP: 2/2
   137 | D:3      | Noticed Terence
   148 | D:3      | Killed Terence
   148 | D:3      | Reached skill level 4 in Fighting
   148 | D:3      | Reached XP level 3. HP: 15/33 MP: 3/3
   194 | D:3      | Found a bloodstained altar of Trog.
   242 | D:2      | Reached XP level 4. HP: 12/40 MP: 4/4
   440 | D:3      | HP: 2/41 [poisoned by an adder]
   442 | D:3      | Found a sacrificial altar of Ru.
   448 | D:3      | HP: 1/41 [poisoned by an adder]
   452 | D:3      | Became a worshipper of Ru the Awakened
   813 | D:4      | Reached skill level 5 in Axes
   813 | D:4      | Reached XP level 5. HP: 45/47 MP: 5/5
   882 | D:4      | Noticed an ogre
   892 | D:4      | Killed an ogre
   892 | D:4      | Reached skill level 5 in Fighting
   892 | D:4      | Reached skill level 6 in Axes
   892 | D:4      | Reached XP level 6. HP: 42/56 MP: 6/6
  1017 | D:4      | Found a sand-covered staircase.
  1021 | Ossuary  | Entered an ossuary
  1139 | Ossuary  | Killed Menkaure
  1349 | D:4      | Found an opulent altar of Gozag.
  1349 | D:4      | Found a sparkling altar of Nemelex Xobeh.
  1350 | D:4      | Noticed an ogre
  1358 | D:4      | Killed an ogre
  1358 | D:4      | Reached skill level 5 in Armour
  1445 | D:4      | Reached XP level 7. HP: 13/61 MP: 7/7
  1473 | D:4      | Reached skill level 7 in Axes
  1487 | D:4      | Gained mutation: You are somewhat unskilled (-1 Apt). [Ru sacrifice]
  1487 | D:4      | Reduced skill Axes to level 6
  1487 | D:4      | Acquired Ru's first power
  1542 | D:4      | Found a glowing golden altar of the Shining One.
  1574 | D:5      | Entered Level 5 of the Dungeon
  1614 | D:5      | Found an ancient bone altar of Kikubaaqudgha.
  1842 | D:6      | Reached skill level 7 in Axes
  1857 | D:7      | Reached skill level 5 in Armour
  1910 | D:8      | Reached XP level 8. HP: 44/70 MP: 2/8
  1955 | D:8      | Reached skill level 8 in Axes
  2009 | D:9      | Found a staircase to the Orcish Mines.
  2043 | D:9      | Quit the game

Dungeon Overview and Level Annotations

Branches:
Dungeon (9/15)                Orc (0/4) D:9
 Temple: D:4-7         Lair: D:8-11

Altars:
Gozag
Kikubaaqudgha
Nemelex Xobeh
Ru
Trog
The Shining One


Message History

You are near starving!
You continue eating.
The orc priest calls down the wrath of Beogh upon you.
Something smites you! The hungry ghost hits you.
You are starving!
You continue eating.
The hungry ghost hits you.
You feel somewhat more hungry.
Unknown command.
Unknown command.
Eat one of 2 chunks of flesh? (ye/n/q/i?) This raw flesh tastes terrible.
You are feeling very hungry.
The hungry ghost hits you.
You are near starving!
The phantom begins to attack, but is stunned by your will!
You continue eating.
The hungry ghost hits you.
You are starving!
You continue eating.
The hungry ghost hits you.
You feel somewhat more hungry.
Unknown command.
Unknown command.
Eat a chunk of flesh? (ye/n/q/i?) This raw flesh tastes terrible.
You are feeling very hungry.
The orc priest invokes the aid of Beogh against you.
Something smites you! The hungry ghost hits you.
You are near starving!
You continue eating.
The hungry ghost hits you.
You feel somewhat more hungry.
You continue eating.
You feel less exhausted.
The phantom blinks!
The hungry ghost hits you.
You are starving!
Unknown command.
Unknown command.
Evoke which item? (* to show all) (? for menu, Esc to quit)
You draw a card...
It is the Tomb.
Walls emerge from the floor!
The hungry ghost hits you.
You feel somewhat more hungry.
Are you sure you want to abandon this character and quit the game? (Confirm with "yes".)

You could see a phantom, 2 hungry ghosts, an orc priest, a shadow imp, 2 goblin zombies, 3 orc zombies, 2 ogre zombies, a troll zombie and a hill giant zombie.

Vanquished Creatures
  A centaur (D:8)
  2 ogres (D:4)
  A giant frog (D:7)
  A gnoll sergeant (D:8)
  A water moccasin zombie (D:6)
  2 scorpions
  A jelly (D:5)
  A crimson imp (D:5)
  2 giant frog skeletons (D:4)
  An orc wizard (D:5)
  A hound (D:4)
  A worker ant (D:4)
  Terence (D:3)
  2 mummies (Ossuary)
  4 gnolls (D:8)
  6 adders
  A shadow imp (D:6)
  2 oozes
  A worm (D:3)
  A giant gecko (D:2)
  10 orcs
  2 giant cockroaches
  4 goblins
  3 hobgoblins
  5 jackals
  8 kobolds
  A quokka (D:4)
  A ball python (D:4)
  2 bats (D:2)
  4 giant newts
  3 gnoll skeletons (Ossuary)
  4 goblin skeletons (Ossuary)
  3 goblin zombies (Ossuary)
  2 hobgoblin skeletons (Ossuary)
  2 hobgoblin zombies (Ossuary)
  4 kobold zombies (Ossuary)
  3 orc skeletons
  5 orc zombies
  2 rats
  2 rat skeletons (Ossuary)
103 creatures vanquished.

Vanquished Creatures (others)
  Menkaure (Ossuary)
  A mummy (Ossuary)
  A gnoll skeleton (Ossuary)
  3 gnoll zombies (Ossuary)
  A goblin skeleton (Ossuary)
  A goblin zombie (Ossuary)
  A hobgoblin skeleton (Ossuary)
  A hobgoblin zombie (Ossuary)
  3 kobold skeletons (Ossuary)
  2 kobold zombies (Ossuary)
  3 orc skeletons (Ossuary)
  2 orc zombies (Ossuary)
  3 rat skeletons (Ossuary)
  5 rat zombies (Ossuary)
28 creatures vanquished.

Grand Total: 131 creatures vanquished

Action                   |  1- 3 |  4- 6 |  7- 9 || total
-------------------------+-------+-------+-------++-------
Melee: War axe           |    61 |   161 |    13 ||   235
       Battleaxe         |       |       |    41 ||    41
Invok: Sacrifice Skill   |       |       |     1 ||     1
Evoke: Deck              |       |       |    10 ||    10
  Use: Scroll            |     1 |       |       ||     1
       Potion            |       |     5 |       ||     5
  Eat: Bread ration      |       |     1 |       ||     1
       Chunk             |       |       |     9 ||     9

Vault maps used:
D:1:      dpeg_arrival_shelter
D:2:      lemuel_doored_altar, kennysheep_path_1
D:3:      grunt_temple_overflow_lords_of_destruction, old_standard_altar,
          lemuel_coloured_pillars_altar, nicolae_ru_great_annihilating_truth,
          uniq_terence
D:4:      grunt_temple_overflow_opulence, lightli_ossuary_entry_decrepit_ruins,
          first_bread, small_statue_intersection, lemuel_statue_altar
D:5:      old_standard_altar, minmay_temple_entry_trees
D:6:      nicolae_lava_and_water, grunt_ministairs_4
D:7:      kennysheep_mini_moat, serial_bayou_pond_b, the_bakery
D:8:      nicolae_overflow_crystal_walls
D:9:      overflow_temple_1_default, david_lair_generic, zombieorc1_lemuel,
          minmay_misc_feat_more_columns, nicolae_qazlal_eye_of_the_storm
Ossuary:  ossuary_due_pyramid
